 Dungeon Crawl Stone Soup version 0.19-a0-347-g6bb00b2 (webtiles) character file.

34 namelastname112 the Grave Robber (level 3, -4/20 HPs)
             Began as a Deep Elf Necromancer on May 29, 2016.
             Killed from afar by a dart slug (5 damage)
             ... with a slug dart
             ... on level 1 of the Dungeon.
             The game lasted 00:02:55 (688 turns).

namelastname112 the Grave Robber (DENe)              Turns: 688, Time: 00:02:56

Health: -4/20      AC:  3    Str:  6    XL:     3   Next: 14%
Magic:  3/9        EV: 13    Int: 19    God:
Gold:   85         SH:  0    Dex: 15    Spells: 2 memorised, 6 levels left

rFire  . . .     SeeInvis .     i - +0 short sword
rCold  . . .     Gourm    .     a - +0 robe
rNeg   . . .     Faith    .     (no shield)
rPois  .         Spirit   .     (no helmet)
rElec  .         Dismiss  .     e - +0 cloak
rCorr  .         Reflect  .     (no gloves)
SustAt .         Harm     .     (no boots)
MR     .....                    (no amulet)
Stlth  ++........               (no ring)
                                (no ring)

@: not resistant to hostile enchantments, unstealthy
A: no striking features
a: no special abilities


You were on level 1 of the Dungeon.
You were not hungry.

You visited 1 branch of the dungeon, and saw 1 of its levels.

You collected 85 gold pieces.

Inventory:

Hand Weapons
 i - a +0 short sword (weapon)
Armour
 a - a +0 robe (worn)
 e - a +0 cloak (worn)
Scrolls
 h - a scroll of amnesia {unknown}
 j - a scroll of enchant weapon {unknown}
 k - 2 scrolls of teleportation {unknown}
Potions
 d - a potion of magic {unknown}
Books
 b - a book of Necromancy

   Spells                             Type                      Level
   a - Pain                           Necromancy                   1
   b - Animate Skeleton               Necromancy                   1
   c - Vampiric Draining              Necromancy                   3
   d - Regeneration                   Charms/Necromancy            3
   e - Animate Dead                   Necromancy                   4
   f - Control Undead                 Necromancy                   4
Comestibles
 c - 2 bread rations
 f - 4 fruits
 l - a meat ration


   Skills:
 + Level 1.2 Fighting
 + Level 2.7 Dodging
 - Level 2.4 Stealth
 + Level 3.2 Spellcasting
 * Level 5.4 Necromancy


You had 6 spell levels left.
You knew the following spells:

 Your Spells              Type           Power        Failure   Level  Hunger
a - Animate Skeleton      Necr           N/A          1%          1    None
z - Pain                  Necr           ###.         1%          1    None


Dungeon Overview and Level Annotations

Branches:
Dungeon (1/15)

Altars:


Message History

Press: ? - help, Shift-Dir - straight line, f/p - dart slug
Aim: a dart slug (heavily wounded, clinging, chance to defeat MR: 96%)
The dart slug convulses in agony!
You take 1 damage, and have 2/20 hp.
You now have 5/9 mp.
Casting: Pain
Confirm with . or Enter, or press ? or * to list all spells.
Aiming: Pain
Press: ? - help, Shift-Dir - straight line, f/p - dart slug
Aim: a dart slug (severely wounded, clinging, chance to defeat MR: 96%)
The dart slug convulses in agony!
You take 1 damage, and have 1/20 hp.
You now have 4/9 mp.
Casting: Pain
Confirm with . or Enter, or press ? or * to list all spells.
Aiming: Pain
Press: ? - help, Shift-Dir - straight line, f/p - dart slug
Aim: a dart slug (almost dead, clinging, chance to defeat MR: 96%)
The dart slug convulses in agony!
The dart slug launches a dart at you. The slug dart hits you!
You die...

#....................############
#........[..........###.......#..
.....#......###.#...###.......###
#....#......#...#.............# #
..............................# #
######.......####....##(......# #
#................#.......###
######......#.......#.#.......##.
..#.(.......##..@...#.##########.
............####.w.##.#########..
.....)....(## ###..............#
...........# ##........###...
...........# #.#......# ###.
...........########.#......# ##
....................#......# #
..)..............#....)..Z.# #
....................#......######


You could see a dart slug.

Vanquished Creatures
  A dart slug (D:1)
  3 giant geckos (D:1)
  4 bats (D:1)
  2 giant cockroaches (D:1)
  5 goblins (D:1)
  11 giant newts (D:1)
  2 kobolds (D:1)
  A rat (D:1)
29 creatures vanquished.

Vanquished Creatures (collateral kills)
  A giant newt (D:1)
1 creature vanquished.

Grand Total: 30 creatures vanquished

Notes
Turn   | Place    | Note
--------------------------------------------------------------
     0 | D:1      | namelastname112 the Deep Elf Necromancer began the quest for the Orb.
     0 | D:1      | Reached XP level 1. HP: 10/10 MP: 6/6
    33 | D:1      | Learned a level 1 spell: Animate Skeleton
    60 | D:1      | Reached skill level 1 in Fighting
    60 | D:1      | Reached skill level 5 in Necromancy
   128 | D:1      | Reached XP level 2. HP: 9/16 MP: 6/8
   511 | D:1      | Reached XP level 3. HP: 5/20 MP: 3/9
   688 | D:1      | Killed from afar by a dart slug

Vault maps used:
D:1:      dpeg_arrival_court, minmay_newt_pond

Skill      XL: |  1 |
---------------+----+-----
Fighting       | 1 |  1.2
Necromancy     | 5 |  5.4
Dodging        | |  2.7
Stealth        | |  2.4
Spellcasting   | |  3.2

Action                   || total
-------------------------++-------
Melee: Short sword       ||     1
 Cast: Pain              ||    45
       Animate Skeleton  ||     8
Armor: Robe              ||     2
Dodge: Dodged            ||     4
